 Dungeon Crawl Stone Soup version 0.24-a0-539-g6aae15eeb0 (webtiles) character file.

Game seed: 7134896074983964866

14 MordorOrchid the Magician (level 2, -1/21 HPs)
             Began as a Barachi Wizard on Aug 17, 2019.
             Slain by a hobgoblin (3 damage)
             ... on level 1 of the Dungeon.
             The game lasted 00:02:45 (553 turns).

MordorOrchid the Magician (Barachi Wizard)           Turns: 553, Time: 00:02:46

Health: -1/21      AC:  2    Str:  8    XL:     2   Next: 45%
Magic:  0/6        EV: 12    Int: 18    God:
Gold:   0          SH:  0    Dex: 10    Spells: 2/7 levels left

rFire    . . .     SeeInvis .   h - +0 dagger
rCold    . . .     Gourm    .   (no shield)
rNeg     . . .     Faith    .   a - +0 robe
rPois    .         Spirit   .   b - +0 hat
rElec    .         Reflect  .   (no cloak)
rCorr    .         Harm     .   (no gloves)
MR       .....                  (no boots)
Stlth    ++........             (no amulet)
HPRegen  0.07/turn              (no ring)
MPRegen  0.10/turn              (no ring)

@: can't hop, very slightly contaminated, slow
A: +LOS, swims, slowness 1, strong legs 1
a: Hop


You were on level 1 of the Dungeon.
You were not hungry.

You visited 1 branch of the dungeon, and saw 1 of its levels.

Inventory:

Hand Weapons
 c - a +0 hand axe
 h - a +0 dagger (weapon)
Missiles
 f - 73 stones (quivered)
 k - 25 arrows
Armour
 a - a +0 robe (worn)
 b - a +0 hat (worn)
Scrolls
 g - a scroll of noise {unknown}
 j - a scroll of teleportation {unknown}
Potions
 e - a potion of lignification {unknown}
Comestibles
 d - a ration


   Skills:
 * Level 1.4 Fighting
 + Level 2.4 Dodging
 - Level 1.7 Stealth
 - Level 3.2 Spellcasting
 * Level 1.8 Conjurations
 - Level 1.2 Summonings
 - Level 1.1 Translocations


You had 2 spell levels left.
You knew the following spells:

 Your Spells              Type           Power        Failure   Level  Hunger
a - Magic Dart            Conj           #...         8%          1    None
b - Call Imp              Summ           #.......     14%         2    ##.....
x - Blink                 Tloc           N/A          16%         2    ##.....

Your spell library contained the following spells:

 Spells                   Type           Power        Failure   Level  Hunger
 Slow                     Hex            #.......     24%         2    ##.....
 Conjure Flame            Conj/Fire      #.......     32%         3    ###....
 Mephitic Cloud           Conj/Pois/Air  #.......     36%         3    ###....


Dungeon Overview and Level Annotations

Branches:
Dungeon (1/15)

Altars:


Innate Abilities, Weirdness & Mutations

Shadows flee at your approach. (+LOS)
You can swim through water.
You cover ground slowly.
You can hop short distances.


Message History

Aim: a hobgoblin, wearing a +0 leather armour The magic dart hits the hobgoblin but does no damage.
The frilled lizard unfolds its giant frill.
The hobgoblin closely misses you.
Casting: Magic Dart (safe; 8% risk of failure)
Confirm with . or Enter, or press ? or * to list all spells.
Aiming: Magic Dart (safe; 8% risk of failure)
Press: ? - help, Shift-Dir - straight line, f/p - hobgoblin
Aim: a hobgoblin, wearing a +0 leather armour The magic dart hits the hobgoblin but does no damage.
The hobgoblin hits you.
* * * LOW HITPOINT WARNING * * *
Casting: Magic Dart (safe; 8% risk of failure)
Confirm with . or Enter, or press ? or * to list all spells.
Aiming: Magic Dart (safe; 8% risk of failure)
Press: ? - help, Shift-Dir - straight line, f/p - hobgoblin
Aim: a hobgoblin, wearing a +0 leather armour The magic dart hits the hobgoblin but does no damage.
The hobgoblin hits you.
You die...

..........⌠...⌠.......#.###..##
....#.#.................# #.##
......................#####.#
##...#.#....................#
#......#....#...............#
..#..#...##.................#
.##..##.######..........#####
##......###########.........#
(.()..(.......lg@...........#
###.#################..#....#
###.# ##..#....# #..#
############.>##....# #.##
##...##...#....####### #.#
##..........†#..# ##.#
#............#.## .(.#
#............#.# .###
#............#.#


You could see a hobgoblin and a frilled lizard.

Vanquished Creatures
  2 dart slugs (D:1)
  3 goblins (D:1)
  A ball python (D:1)
  2 bats (D:1)
  A frilled lizard (D:1)
  2 rats (D:1)
11 creatures vanquished.

Notes
Turn   | Place    | Note
-------+----------+-------------------------------------------
     0 | D:1      | MordorOrchid the Barachi Wizard began the quest for the
                  | Orb.
     0 | D:1      | Reached XP level 1. HP: 13/13 MP: 4/4
   218 | D:1      | Reached skill level 1 in Fighting
   218 | D:1      | Reached XP level 2. HP: 21/21 MP: 0/6
   231 | D:1      | Learned a level 2 spell: Call Imp
   234 | D:1      | Learned a level 2 spell: Blink
   524 | D:1      | HP: 1/21 [hobgoblin/stone (3)]
   552 | D:1      | HP: 1/21 [hobgoblin (2)]
   553 | D:1      | Slain by a hobgoblin

Levels and vault maps discovered:
D:1:      wander_arrival_desolate, layout_rooms, st_stairs_5

Skill      XL: |  1 |
---------------+----+-----
Fighting       | 1 |  1.4
Dodging        | |  2.4
Stealth        | |  1.7
Spellcasting   | |  3.2
Conjurations   | |  1.8
Summonings     | |  1.2
Translocations | |  1.1

Action                   || total
-------------------------++-------
Melee: Dagger            ||    15
 Cast: Magic Dart        ||    34
 Abil: Hop               ||     1
Armor: Robe              ||     7
Dodge: Dodged            ||    14

Table legend:
 A = Non-vault XP
 B = Vault XP
 C = Vault XP percentage of total XP
 D = Non-vault monster count
 E = Vault monster count
 F = Vault count percentage of total count
                 A         B        C        D         E       F
            +---------+---------+-------+---------+---------+-------
      Total |      18 |       3 |  14.3 |       9 |       2 |  18.2
            +---------+---------+-------+---------+---------+-------
        D:1 |      18 |       3 |  14.3 |       9 |       2 |  18.2
            +---------+---------+-------+---------+---------+-------
